 Dungeon Crawl Stone Soup version 0.23-a0-356-g1757c6e (webtiles) character file.

3924 Gorice the Magician (level 10, 0/74 HPs)
             Began as a Gnoll Wanderer on Oct 20, 2018.
             Was a Priest of Okawaru.
             Slain by a six-headed hydra (6 damage)
             ... on level 8 of the Dungeon on Oct 21, 2018.
             The game lasted 00:30:21 (9221 turns).

Gorice the Magician (Gnoll Wanderer)                Turns: 9221, Time: 00:30:22

Health: 0/74       AC: 16    Str: 17    XL:     10   Next: 20%
Magic:  19/20      EV: 10    Int: 18    God:    Okawaru [***...]
Gold:   398        SH:  0    Dex: 15    Spells: 23/23 levels left

rFire    . . .     SeeInvis .   a - +3 whip (flame)
rCold    . . .     Gourm    .   (no shield)
rNeg     . . .     Faith    .   I - +0 plate armour
rPois    .         Spirit   .   (no helmet)
rElec    .         Reflect  .   (no cloak)
rCorr    +         Harm     .   h - +0 pair of fencer's gloves {+Riposte Dex+3}
MR       +....                  (no boots)
Stlth    ..........             (no amulet)
HPRegen  0.22/turn              m - ring of protection from magic
MPRegen  0.17/turn              C - ring of resist corrosion

@: heroism
A: distributed training, fangs 1, strong nose
a: Heroism, Renounce Religion


You were on level 8 of the Dungeon.
You worshipped Okawaru.
Okawaru was most pleased with you.
You were not hungry.

You visited 2 branches of the dungeon, and saw 9 of its levels.

You collected 398 gold pieces.

Inventory:

Hand Weapons
 a - a +3 whip of flaming (weapon)
   (You took it off Pikel on level 5 of the Dungeon)
 b - a +0 hand crossbow
 n - a +0 flail
 v - a cursed +4 short sword of freezing
   (You took it off a wight on level 8 of the Dungeon)
 x - a +0 glaive
 B - a +0 scimitar
 K - a +0 shortbow
Missiles
 c - 38 bolts
 i - 6 curare-tipped needles
 j - 7 tomahawks (quivered)
 r - 106 arrows
 w - 4 poisoned tomahawks
 Y - 169 stones
 Z - a throwing net {!f}
Armour
 d - a +2 chain mail of cold resistance
   (You took it off an orc warrior on level 7 of the Dungeon)
 h - the +0 pair of fencer's gloves (worn) {+Riposte Dex+3}
   (You found it on level 8 of the Dungeon)

   It affects your dexterity (+3).
 u - a +1 chain mail
 y - a +2 scale mail
 F - a +1 pair of gloves
 I - a +0 plate armour (worn)
Jewellery
 g - a +3 ring of dexterity
 m - a ring of protection from magic (left hand)
 C - a ring of resist corrosion (right hand)
Wands
 t - a wand of flame (28)
 M - a wand of digging (12)
Scrolls
 s - a scroll of fog
 D - a scroll of remove curse
Potions
 e - 6 potions of curing
 k - 2 potions of ambrosia
 l - a potion of haste {!q}
 o - 2 potions of brilliance {unknown}
 p - a potion of invisibility {unknown}
 q - 2 potions of heal wounds {unknown}
 z - 3 potions of degeneration {unknown}
 A - 2 potions of flight {unknown}
 E - 2 potions of lignification {!q}
 H - a potion of cancellation {unknown}
 J - a potion of resistance {unknown}
Comestibles
 f - 10 rations


   Skills:
 + Level 5.0(10.0) Fighting
 + Level 5.0(10.0) Short Blades
 + Level 5.0(10.0) Long Blades
 + Level 5.0(10.0) Axes
 + Level 5.0(10.0) Maces & Flails
 + Level 5.0(10.0) Polearms
 + Level 5.0(10.0) Staves
 + Level 5.0(10.0) Slings
 + Level 5.0(10.0) Bows
 + Level 6.8(11.8) Crossbows
 + Level 5.0(10.0) Throwing
 + Level 5.6(10.6) Armour
 + Level 5.0(10.0) Dodging
 + Level 5.0(10.0) Stealth
 + Level 6.8(11.8) Shields
 + Level 5.0(10.0) Unarmed Combat
 + Level 7.1 Spellcasting
 + Level 4.1 Conjurations
 + Level 4.1 Hexes
 + Level 4.1 Charms
 + Level 4.1 Summonings
 + Level 4.1 Necromancy
 + Level 4.1 Translocations
 + Level 4.1 Transmutations
 + Level 4.1 Fire Magic
 + Level 6.9 Ice Magic
 + Level 4.1 Air Magic
 + Level 4.1 Earth Magic
 + Level 4.1 Poison Magic
 + Level 5.4 Invocations
 + Level 5.0 Evocations


You had 23 spell levels left.
You didn't know any spells.
Your spell library contained the following spells:

 Spells                   Type           Power        Failure   Level  Hunger
 Ensorcelled Hibernation  Hex/Ice        ####..       38%         2    None
 Corona                   Hex            ###....      45%         1    None
 Passwall                 Tmut/Erth      ###.....     58%         2    None
 Sticks to Snakes         Tmut           ###.....     58%         2    None
 Confuse                  Hex            ###.....     83%         3    ##.....
 Dazzling Spray           Conj/Hex       ###...       83%         3    ##.....
 Tukima's Dance           Hex            ###.....     83%         3    ##.....


Dungeon Overview and Level Annotations

Branches:
Dungeon (8/15)             Temple (1/1) D:4
   Lair: D:8-11

Altars:
Ashenzari
Cheibriados
Dithmenos
Elyvilon
Fedhas
Hepliaklqana
Kikubaaqudgha
Makhleb
Nemelex Xobeh
Okawaru
Qazlal
Ru
Sif Muna
Trog
Uskayaw
Vehumet
Wu Jian
Xom
Yredelemnul
Zin
The Shining One

Shops:
D:4 *   D:7 (((

Annotations:
D:5 5 runed doors
D:6 2 transporters


Innate Abilities, Weirdness & Mutations

Your experience applies equally to all skills.
You have very sharp teeth.
Your uncanny sense of smell can sniff out nearby items.


Message History

You throw a tomahawk. The tomahawk hits the six-headed hydra.
The six-headed hydra is lightly wounded.
You hit the six-headed hydra. You burn the six-headed hydra.
Your punch misses the six-headed hydra. You bite the six-headed hydra.
The six-headed hydra is moderately wounded.
Unknown command.
Your plate armour prevents you from hitting the six-headed hydra.
The six-headed hydra is moderately wounded.
The six-headed hydra bites you. The six-headed hydra bites you!
The six-headed hydra bites you. The six-headed hydra barely misses you.
The six-headed hydra bites you but does no damage. x2
Damage: 15 (max 15) Unknown command.
You hit the six-headed hydra. You burn the six-headed hydra.
The six-headed hydra is moderately wounded.
Unknown command.
You hit the six-headed hydra. You burn the six-headed hydra.
The six-headed hydra is heavily wounded.
The six-headed hydra misses you.
The six-headed hydra closely misses you.
The six-headed hydra bites you but does no damage.
The six-headed hydra bites you! x2
The six-headed hydra bites you but does no damage.
Damage: 21 (max 21)
You hit the six-headed hydra. You burn the six-headed hydra.
You bite the six-headed hydra.
The six-headed hydra is heavily wounded.
The six-headed hydra bites you but does no damage.
The six-headed hydra bites you.
* * * LOW HITPOINT WARNING * * *
The six-headed hydra bites you!
* * * LOW HITPOINT WARNING * * *
The six-headed hydra barely misses you. The six-headed hydra bites you.
* * * LOW HITPOINT WARNING * * *
The six-headed hydra bites you but does no damage.
Damage: 19 (max 21)
You hit the six-headed hydra. You burn the six-headed hydra.
You bite the six-headed hydra.
The six-headed hydra is severely wounded.
Unknown command.
You barely miss the six-headed hydra.
The six-headed hydra is severely wounded.
The six-headed hydra bites you!
* * * LOW HITPOINT WARNING * * *
The six-headed hydra bites you.
* * * LOW HITPOINT WARNING * * *
The six-headed hydra bites you.
* * * LOW HITPOINT WARNING * * *
The six-headed hydra barely misses you. The six-headed hydra bites you.
You die...

####################### ∆
...........[..........##
#......#.######.#.###..#
.#.###.......###........#
........##.........###..#
.#.##..#@####...####)#...
#..##Dl.#####...##... #..
#r.(..†.....#.... #..
#..#.....#..#....
#...##..#####..##....
##....#..# #..#...#.
..#...#..##.....#..... #
#.#...#..##.##lD#..... #
#.#..##..## #r.##....


You could see a six-headed hydra, an iguana and a quokka.

Vanquished Creatures
  Pikel (D:5)
  A hippogriff (D:8)
  A hungry ghost (D:6)
  A phantom (D:5)
  2 ice beasts
  3 orc warriors
  2 sky beasts
  An eye of draining (D:8)
  2 ogres
  A centaur (D:6)
  3 big kobolds
  6 bullfrogs
  A water moccasin skeleton (D:2)
  2 scorpions (D:4)
  2 howler monkeys (D:7)
  3 wights (D:8)
  A crimson imp (D:6)
  A bullfrog zombie (D:6)
  A centaur zombie (D:8)
  3 jellies
  3 hounds
  An orc priest (D:7)
  3 orc wizards
  A bullfrog skeleton (D:7)
  A centaur skeleton (D:7)
  Natasha (twice) (D:2)
  5 iguanas
  9 worker ants
  7 gnolls
  11 adders
  2 shadow imps
  An ooze (D:6)
  A worm (D:2)
  A dart slug (D:2)
  2 leopard geckos
  13 orcs
  5 giant cockroaches
  3 goblins
  4 hobgoblins
  6 jackals
  33 kobolds
  4 quokkas
  2 ball pythons
  7 bats
  3 frilled lizards
  A jackal skeleton (D:5)
  2 quokka skeletons
  10 rats
181 creatures vanquished.

Vanquished Creatures (others)
  A frilled lizard (D:5)
  3 plants (D:4)
4 creatures vanquished.

Grand Total: 185 creatures vanquished

Notes
Turn   | Place    | Note
-------+----------+-------------------------------------------
     0 | D:1      | Gorice the Gnoll Wanderer began the quest for the Orb.
     0 | D:1      | Gorice set off with: a +2 scale mail, a +0 hand crossbow,
                  | 23 bolts, a ration
     0 | D:1      | Reached XP level 1. HP: 13/13 MP: 6/6
   150 | D:1      | Reached XP level 2. HP: 19/19 MP: 7/7
   412 | D:1      | Reached XP level 3. HP: 22/25 MP: 9/9
   455 | D:1      | Reached skill level 5 in Spellcasting
   792 | D:2      | Reached skill level 1 in Invocations
   855 | D:2      | Reached skill level 1 in Fighting
   855 | D:2      | Reached skill level 1 in Short Blades
   855 | D:2      | Reached skill level 1 in Long Blades
   855 | D:2      | Reached skill level 1 in Axes
   855 | D:2      | Reached skill level 1 in Maces & Flails
   855 | D:2      | Reached skill level 1 in Polearms
   855 | D:2      | Reached skill level 1 in Staves
   855 | D:2      | Reached skill level 1 in Slings
   855 | D:2      | Reached skill level 1 in Bows
   855 | D:2      | Reached skill level 1 in Throwing
   855 | D:2      | Reached skill level 1 in Dodging
   855 | D:2      | Reached skill level 1 in Stealth
   855 | D:2      | Reached skill level 1 in Unarmed Combat
   855 | D:2      | Reached skill level 1 in Conjurations
   855 | D:2      | Reached skill level 1 in Hexes
   855 | D:2      | Reached skill level 1 in Charms
   855 | D:2      | Reached skill level 1 in Summonings
   855 | D:2      | Reached skill level 1 in Necromancy
   855 | D:2      | Reached skill level 1 in Translocations
   855 | D:2      | Reached skill level 1 in Transmutations
   855 | D:2      | Reached skill level 1 in Fire Magic
   855 | D:2      | Reached skill level 1 in Air Magic
   855 | D:2      | Reached skill level 1 in Earth Magic
   855 | D:2      | Reached skill level 1 in Poison Magic
   855 | D:2      | Reached skill level 1 in Evocations
   855 | D:2      | Reached XP level 4. HP: 18/32 MP: 11/11
  1005 | D:2      | Reached XP level 5. HP: 23/37 MP: 12/12
  1092 | D:2      | Noticed Natasha
  1095 | D:2      | Killed Natasha
  1172 | D:2      | Noticed a dagger
  1173 | D:2      | Noticed a dagger
  1181 | D:2      | Found a hide-covered altar of Uskayaw.
  1182 | D:2      | Noticed Natasha
  1187 | D:2      | Killed Natasha
  1187 | D:2      | Reached skill level 3 in Armour
  1231 | D:2      | Found a blossoming altar of Fedhas.
  1231 | D:2      | Found a shimmering altar of Xom.
  1232 | D:2      | Found a sacrificial altar of Ru.
  2002 | D:4      | Noticed an ogre
  2008 | D:4      | HP: 9/37 [ogre/+0 giant spiked club (14)]
  2012 | D:4      | Killed an ogre
  2012 | D:4      | Reached skill level 2 in Invocations
  2012 | D:4      | Reached XP level 6. HP: 11/44 MP: 13/13
  2459 | D:4      | Reached skill level 2 in Fighting
  2459 | D:4      | Reached skill level 2 in Short Blades
  2459 | D:4      | Reached skill level 2 in Long Blades
  2459 | D:4      | Reached skill level 2 in Axes
  2459 | D:4      | Reached skill level 2 in Maces & Flails
  2459 | D:4      | Reached skill level 2 in Polearms
  2459 | D:4      | Reached skill level 2 in Staves
  2459 | D:4      | Reached skill level 2 in Slings
  2459 | D:4      | Reached skill level 2 in Bows
  2459 | D:4      | Reached skill level 5 in Crossbows
  2459 | D:4      | Reached skill level 2 in Throwing
  2459 | D:4      | Reached skill level 2 in Dodging
  2459 | D:4      | Reached skill level 2 in Stealth
  2459 | D:4      | Reached skill level 5 in Shields
  2459 | D:4      | Reached skill level 2 in Unarmed Combat
  2459 | D:4      | Reached skill level 2 in Evocations
  2900 | D:4      | Found a bloodstained altar of Trog.
  2907 | D:4      | Reached XP level 7. HP: 39/50 MP: 15/15
  3294 | D:4      | Found a glowing silver altar of Zin.
  3294 | D:4      | Found Zin's Purification Station.
  3394 | D:4      | Found a staircase to the Ecumenical Temple.
  3408 | Temple   | Entered the Ecumenical Temple
  3696 | Temple   | Became a worshipper of Warmaster Okawaru
  3910 | D:4      | HP: 14/51 [adder (3)]
  3915 | D:4      | HP: 12/51 [poisoned by an adder]
  3923 | D:4      | HP: 11/51 [poisoned by an adder]
  3931 | D:4      | HP: 10/51 [poisoned by an adder]
  4384 | D:5      | Entered Level 5 of the Dungeon
  4466 | D:5      | Reached skill level 2 in Conjurations
  4466 | D:5      | Reached skill level 2 in Hexes
  4466 | D:5      | Reached skill level 2 in Charms
  4466 | D:5      | Reached skill level 2 in Summonings
  4466 | D:5      | Reached skill level 2 in Necromancy
  4466 | D:5      | Reached skill level 2 in Translocations
  4466 | D:5      | Reached skill level 2 in Transmutations
  4466 | D:5      | Reached skill level 2 in Fire Magic
  4466 | D:5      | Reached skill level 2 in Air Magic
  4466 | D:5      | Reached skill level 2 in Earth Magic
  4466 | D:5      | Reached skill level 2 in Poison Magic
  4582 | D:5      | Found a runed gate.
  4582 | D:5      | Found a runed door.
  4582 | D:5      | Noticed a soldier ant
  4582 | D:5      | Noticed a soldier ant
  4605 | D:5      | Found the +9 staff of Olgreb {rPois}
  4608 | D:5      | Found a runed door.
  4864 | D:5      | Noticed a soldier ant
  4864 | D:5      | Noticed a soldier ant
  4865 | D:5      | Found a runed gate.
  4865 | D:5      | Noticed a soldier ant
  4876 | D:5      | Found a runed gate.
  5069 | D:5      | Noticed Pikel
  5088 | D:5      | Killed Pikel
  5088 | D:5      | Reached * piety under Okawaru
  5088 | D:5      | Reached skill level 3 in Fighting
  5088 | D:5      | Reached skill level 3 in Short Blades
  5088 | D:5      | Reached skill level 3 in Long Blades
  5088 | D:5      | Reached skill level 3 in Axes
  5088 | D:5      | Reached skill level 3 in Maces & Flails
  5088 | D:5      | Reached skill level 3 in Polearms
  5088 | D:5      | Reached skill level 3 in Staves
  5088 | D:5      | Reached skill level 3 in Slings
  5088 | D:5      | Reached skill level 3 in Bows
  5088 | D:5      | Reached skill level 3 in Throwing
  5088 | D:5      | Reached skill level 4 in Armour
  5088 | D:5      | Reached skill level 3 in Dodging
  5088 | D:5      | Reached skill level 3 in Stealth
  5088 | D:5      | Reached skill level 3 in Unarmed Combat
  5088 | D:5      | Reached skill level 6 in Spellcasting
  5088 | D:5      | Reached skill level 6 in Ice Magic
  5088 | D:5      | Reached skill level 3 in Invocations
  5088 | D:5      | Reached skill level 3 in Evocations
  5088 | D:5      | Reached XP level 8. HP: 58/58 MP: 15/17
  5824 | D:6      | Reached ** piety under Okawaru
  5855 | D:6      | Reached skill level 3 in Conjurations
  5855 | D:6      | Reached skill level 3 in Hexes
  5855 | D:6      | Reached skill level 3 in Charms
  5855 | D:6      | Reached skill level 3 in Summonings
  5855 | D:6      | Reached skill level 3 in Necromancy
  5855 | D:6      | Reached skill level 3 in Translocations
  5855 | D:6      | Reached skill level 3 in Transmutations
  5855 | D:6      | Reached skill level 3 in Fire Magic
  5855 | D:6      | Reached skill level 3 in Air Magic
  5855 | D:6      | Reached skill level 3 in Earth Magic
  5855 | D:6      | Reached skill level 3 in Poison Magic
  5855 | D:6      | Reached skill level 4 in Invocations
  5902 | D:6      | Reached skill level 6 in Crossbows
  5902 | D:6      | Reached skill level 6 in Shields
  5902 | D:6      | Reached XP level 9. HP: 30/65 MP: 18/18
  6112 | D:6      | Found a shattered altar of Ashenzari.
  6114 | D:6      | Noticed an eight-headed hydra
  6114 | D:6      | Noticed a two-headed ogre
  6125 | D:6      | Found a transporter.
  6236 | D:6      | Found a transporter.
  6285 | D:6      | Paralysed by fainting for 10 turns
  6301 | D:6      | Paralysed by fainting for 5 turns
  6463 | D:6      | Reached skill level 4 in Fighting
  6463 | D:6      | Reached skill level 4 in Short Blades
  6463 | D:6      | Reached skill level 4 in Long Blades
  6463 | D:6      | Reached skill level 4 in Axes
  6463 | D:6      | Reached skill level 4 in Maces & Flails
  6463 | D:6      | Reached skill level 4 in Polearms
  6463 | D:6      | Reached skill level 4 in Staves
  6463 | D:6      | Reached skill level 4 in Slings
  6463 | D:6      | Reached skill level 4 in Bows
  6463 | D:6      | Reached skill level 4 in Throwing
  6463 | D:6      | Reached skill level 4 in Dodging
  6463 | D:6      | Reached skill level 4 in Stealth
  6463 | D:6      | Reached skill level 4 in Unarmed Combat
  6463 | D:6      | Reached skill level 4 in Evocations
  6666 | D:6      | HP: 19/65 [orc warrior/+0 scimitar (6)]
  6679 | D:5      | HP: 17/65 [orc warrior/+0 scimitar (3)]
  7044 | D:7      | Reached skill level 5 in Armour
  7262 | D:7      | Found Urumuiw's Antique Weapon Shoppe.
  7307 | D:7      | Found Roskis's Weapon Emporium.
  7411 | D:7      | Found a shadowy altar of Dithmenos.
  7561 | D:7      | Found Muohoap's Weapon Boutique.
  7674 | D:7      | Reached *** piety under Okawaru
  7877 | D:7      | Reached skill level 5 in Invocations
  8205 | D:7      | Upgraded the game from 0.23-a0-350-g6fd5563 to
                  | 0.23-a0-356-g1757c6e
  8284 | D:7      | HP: 12/66 [orc warrior/+0 long sword (14)]
  8295 | D:7      | HP: 11/99 [orc warrior/+0 long sword (9)]
  8719 | D:8      | Reached XP level 10. HP: 67/73 MP: 20/20
  8755 | D:8      | Reached skill level 7 in Spellcasting
  8909 | D:8      | Reached skill level 4 in Conjurations
  8909 | D:8      | Reached skill level 4 in Hexes
  8909 | D:8      | Reached skill level 4 in Charms
  8909 | D:8      | Reached skill level 4 in Summonings
  8909 | D:8      | Reached skill level 4 in Necromancy
  8909 | D:8      | Reached skill level 4 in Translocations
  8909 | D:8      | Reached skill level 4 in Transmutations
  8909 | D:8      | Reached skill level 4 in Fire Magic
  8909 | D:8      | Reached skill level 4 in Air Magic
  8909 | D:8      | Reached skill level 4 in Earth Magic
  8909 | D:8      | Reached skill level 4 in Poison Magic
  9178 | D:8      | Reached skill level 5 in Fighting
  9178 | D:8      | Reached skill level 5 in Short Blades
  9178 | D:8      | Reached skill level 5 in Long Blades
  9178 | D:8      | Reached skill level 5 in Axes
  9178 | D:8      | Reached skill level 5 in Maces & Flails
  9178 | D:8      | Reached skill level 5 in Polearms
  9178 | D:8      | Reached skill level 5 in Staves
  9178 | D:8      | Reached skill level 5 in Slings
  9178 | D:8      | Reached skill level 5 in Bows
  9178 | D:8      | Reached skill level 5 in Throwing
  9178 | D:8      | Reached skill level 5 in Dodging
  9178 | D:8      | Reached skill level 5 in Stealth
  9178 | D:8      | Reached skill level 5 in Unarmed Combat
  9178 | D:8      | Reached skill level 5 in Evocations
  9186 | D:8      | Found the +0 pair of fencer's gloves {+Riposte Dex+3}
  9200 | D:8      | Noticed a six-headed hydra
  9219 | D:8      | HP: 19/74 [six-headed hydra (5)]
  9221 | D:8      | HP: 8/74 [six-headed hydra (4)]
  9221 | D:8      | Slain by a six-headed hydra

Vault maps used:
D:1:      matt_arrival_los_fun
D:2:      dancing_weapons_uskayaw, gammafunk_temple_overflow_claw, uniq_natasha
D:4:      kennysheep_kobold_camp, zin_purify, overflow_temple_1_default,
          minmay_temple_entry_glassed_door, first_ration
D:5:      minmay_guarded_unrand_staff_of_olgreb, uniq_pikel
D:6:      gammafunk_temple_overflow_arena
D:7:      cheibrodos_helix_gallery, nicolae_overflow_crystal_walls,
          serial_shops, shop, shop_fountains, shop
D:8:      grunt_gozag_breadcrumbs, lair_entry_dummy, grunt_ogre_cave,
          minmay_pinched_square
Temple:   oiseaux_autumnal_temple

Skill      XL: |  1  2  3  4  5  6  7  8  9 10 |
---------------+-------------------------------+-----
Spellcasting   | 5 6 7 |  7.1
Invocations    | 1 2 3 4 5 |  5.4
Fighting       | 1 2 3 4 5 |  5.0
Short Blades   | 1 2 3 4 5 |  5.0
Long Blades    | 1 2 3 4 5 |  5.0
Axes           | 1 2 3 4 5 |  5.0
Maces & Flails | 1 2 3 4 5 |  5.0
Polearms       | 1 2 3 4 5 |  5.0
Staves         | 1 2 3 4 5 |  5.0
Slings         | 1 2 3 4 5 |  5.0
Bows           | 1 2 3 4 5 |  5.0
Throwing       | 1 2 3 4 5 |  5.0
Dodging        | 1 2 3 4 5 |  5.0
Stealth        | 1 2 3 4 5 |  5.0
Unarmed Combat | 1 2 3 4 5 |  5.0
Conjurations   | 1 2 3 4 |  4.1
Hexes          | 1 2 3 4 |  4.1
Charms         | 1 2 3 4 |  4.1
Summonings     | 1 2 3 4 |  4.1
Necromancy     | 1 2 3 4 |  4.1
Translocations | 1 2 3 4 |  4.1
Transmutations | 1 2 3 4 |  4.1
Fire Magic     | 1 2 3 4 |  4.1
Air Magic      | 1 2 3 4 |  4.1
Earth Magic    | 1 2 3 4 |  4.1
Poison Magic   | 1 2 3 4 |  4.1
Evocations     | 1 2 3 4 5 |  5.0
Armour         | 3 4 5 |  5.6
Crossbows      | 5 6 |  6.8
Shields        | 5 6 |  6.8
Ice Magic      | 6 |  6.9

Action                   |  1- 3 |  4- 6 |  7- 9 | 10-12 || total
-------------------------+-------+-------+-------+-------++-------
Melee: Flail             |       |    83 |   102 |       ||   185
       Bite              |       |     7 |    53 |    16 ||    76
       Punch             |       |     1 |     4 |       ||     5
       Whip              |       |       |   474 |   102 ||   576
 Fire: Hand crossbow     |    88 |    66 |    26 |       ||   180
Throw: Tomahawk          |     4 |     2 |    12 |     2 ||    20
       Stone             |       |     3 |       |       ||     3
Invok: Heroism           |       |       |     5 |     1 ||     6
Evoke: Wand              |       |     3 |       |       ||     3
  Use: Scroll            |       |     7 |     8 |       ||    15
       Potion            |       |     1 |     3 |       ||     4
  Eat: Chunk             |       |     6 |    18 |     1 ||    25
       Ration            |       |       |     4 |       ||     4
Armor: Scale mail        |    36 |    56 |    48 |       ||   140
       Skin              |       |       |    28 |       ||    28
       Chain mail        |       |       |    54 |       ||    54
       Plate armour      |       |       |   304 |    58 ||   362
Dodge: Dodged            |    47 |    58 |   261 |    35 ||   401

Table legend:
 A = Non-vault XP
 B = Vault XP
 C = Vault XP percentage of total XP
 D = Non-vault monster count
 E = Vault monster count
 F = Vault count percentage of total count
                 A         B        C        D         E       F
            +---------+---------+-------+---------+---------+-------
      Total |    3786 |    1821 |  32.5 |     146 |      35 |  19.3
            +---------+---------+-------+---------+---------+-------
        D:1 |      45 |       0 |   0.0 |      28 |       0 |   0.0
        D:2 |     172 |      36 |  17.3 |      15 |       1 |   6.2
        D:3 |      18 |       0 |   0.0 |       5 |       0 |   0.0
        D:4 |     409 |     131 |  24.3 |      12 |      21 |  63.6
        D:5 |     435 |     673 |  60.7 |      11 |       1 |   8.3
        D:6 |    1228 |       0 |   0.0 |      27 |       0 |   0.0
        D:7 |    1227 |     138 |  10.1 |      40 |       2 |   4.8
        D:8 |     252 |     843 |  77.0 |       8 |      10 |  55.6
            +---------+---------+-------+---------+---------+-------

Table legend:
 A = Turns spent in this place as a percentage of turns spent in the entire game.
 B = Non-inter-level travel turns spent in this place as a percentage of non-inter-level travel turns spent in the entire game.
 C = Inter-level travel turns spent in this place as a percentage of turns spent in this place.
 D = Turns resting spent in this place as a percentage of non-inter-level travel turns spent in this place.
 E = Turns spent auto-exploring this place as a percentage of non-inter-level travel turns spent in this place.
 F = Non-inter-level travel turns spent in this place divided by the number of levels of this place that you've seen.
                   A       B       C       D       E      F
               +-------+-------+-------+-------+-------+----------------------
         Total | 100.0 | 100.0 |   3.6 |  25.8 |  40.9 | 987.6
       Dungeon |  96.5 |  97.1 |   3.1 |  26.6 |  39.2 | 1078.5
        Temple |   3.5 |   2.9 |  18.5 |   0.0 |  98.5 | 260.0
               +-------+-------+-------+-------+-------+----------------------

Vault maps used:
D:1:      matt_arrival_los_fun
D:2:      dancing_weapons_uskayaw, gammafunk_temple_overflow_claw, uniq_natasha
D:4:      kennysheep_kobold_camp, zin_purify, overflow_temple_1_default,
          minmay_temple_entry_glassed_door, first_ration
D:5:      minmay_guarded_unrand_staff_of_olgreb, uniq_pikel
D:6:      gammafunk_temple_overflow_arena
D:7:      cheibrodos_helix_gallery, nicolae_overflow_crystal_walls,
          serial_shops, shop, shop_fountains, shop
D:8:      grunt_gozag_breadcrumbs, lair_entry_dummy, grunt_ogre_cave,
          minmay_pinched_square
Temple:   oiseaux_autumnal_temple
